 Dungeon Crawl Stone Soup version 0.22-a0-460-g49b1da7 (webtiles) character file.

133 4thArraOfDagon the Slasher (level 4, 5/41 HPs)
             Began as a Minotaur Monk on June 9, 2018.
             Quit the game on level 3 of the Dungeon.
             The game lasted 00:02:30 (518 turns).

4thArraOfDagon the Slasher (Minotaur Monk)           Turns: 518, Time: 00:02:30

Health: 5/41       AC:  6    Str: 16      XL:     4   Next: 94%
Magic:  3/3        EV: 11    Int:  5 (8)  God:
Gold:   43         SH:  0    Dex: 11 (12) Spells: 3/3 levels left

rFire    . . .     SeeInvis .   a - +0 falchion
rCold    . . .     Gourm    .   (no shield)
rNeg     . . .     Faith    .   d - +0 scale mail
rPois    .         Spirit   .   (helmet restricted)
rElec    .         Reflect  .   (no cloak)
rCorr    .         Harm     .   (no gloves)
MR       .....                  (no boots)
Stlth    ..........             (no amulet)
HPRegen  0.13/turn              (no ring)
MPRegen  0.08/turn              (no ring)

@: no status effects
A: retaliatory headbutt, horns 2
a: no special abilities


You were on level 3 of the Dungeon.
You were not hungry.

You visited 1 branch of the dungeon, and saw 3 of its levels.

You collected 43 gold pieces.

Inventory:

Hand Weapons
 a - a +0 falchion (weapon)
Armour
 d - a +0 scale mail (worn)
Scrolls
 b - a scroll of fog {unknown}
Comestibles
 c - 3 rations


   Skills:
 + Level 4.6 Fighting
 * Level 5.5 Long Blades
 + Level 4.2 Dodging
 - Level 1.5 Stealth


You had 3 spell levels left.
You didn't know any spells.
Your spell library was empty.

Dungeon Overview and Level Annotations

Branches:
Dungeon (3/15)

Altars:
Xom

Annotations:
D:3 Natasha


Innate Abilities, Weirdness & Mutations

You reflexively headbutt those who attack you in melee.
You have a pair of horns on your head.


Message History

* * * LOW HITPOINT WARNING * * *
The orc wizard mumbles some strange words.
The orc wizard blinks!
The orc wizard completely misses you.
The goblin moves out of view.
Found a stone.
Found a stone staircase leading down.
You see here a stone.
Unknown command.
Unknown command.
Unknown command.
Unknown command.
Unknown command.
A hobgoblin comes into view. It is wielding a club.
A kobold comes into view.
The kobold hits you but does no damage.
A rat comes into view.
The orc wizard casts a spell.
The orc wizard blinks!
Unknown command.
Unknown command.
Are you sure you want to abandon this character and quit the game? (Confirm with "yes".)

##########
.........#
........#
.........
###>s.o...o
#..o...#
#..(...#
#.ooo.##
#..@..#
####K## ..K
.....
.......
.......
.##..g. .#
..r.


You could see 2 orc wizards, 3 orcs, a giant cockroach, a hobgoblin, 2 kobolds
and a rat.

Vanquished Creatures
  Natasha (D:3)
  A worker ant (D:2)
  3 adders
  An ooze (D:2)
  A worm (D:3)
  A dart slug (D:1)
  3 leopard geckos
  7 orcs
  3 bats
  3 giant cockroaches (D:2)
  4 goblins
  4 hobgoblins
  A quokka (D:2)
  A frilled lizard (D:1)
  2 kobolds
  2 rats
38 creatures vanquished.

Notes
Turn   | Place    | Note
-------+----------+-------------------------------------------
     0 | D:1      | 4thArraOfDagon the Minotaur Monk began the quest for the Orb.
     0 | D:1      | Reached XP level 1. HP: 19/19 MP: 0/0
    80 | D:1      | Found a shimmering altar of Xom.
    86 | D:1      | Reached skill level 4 in Long Blades
    86 | D:1      | Reached XP level 2. HP: 16/27 MP: 1/1
   195 | D:2      | Reached XP level 3. HP: 23/33 MP: 2/2
   355 | D:2      | Reached skill level 5 in Long Blades
   355 | D:2      | Reached XP level 4. HP: 20/41 MP: 3/3
   427 | D:2      | HP: 2/41 [orc/flail (6)]
   444 | D:3      | Noticed Natasha
   458 | D:3      | Killed Natasha
   496 | D:3      | Noticed Natasha
   518 | D:3      | Quit the game

Vault maps used:
D:1:      dpeg_arrival_arbitrary_a, xom_teletrap_fun
D:2:      first_ration, nicolae_tso_carved_into_rock
D:3:      uniq_natasha

Skill      XL: |  1  2  3  4 |
---------------+-------------+-----
Long Blades    | 4 5 |  5.5
Fighting       | 4 |  4.6
Dodging        | 4 |  4.2
Stealth        | |  1.5

Action                   |  1- 3 |  4- 6 || total
-------------------------+-------+-------++-------
Melee: Falchion          |    60 |    43 ||   103
       Headbutt          |    10 |     9 ||    19
  Use: Scroll            |       |     3 ||     3
       Potion            |       |     3 ||     3
 Stab: Sleeping          |     1 |       ||     1
Armor: Robe              |     3 |       ||     3
       Scale mail        |    33 |    18 ||    51
Dodge: Dodged            |    41 |    25 ||    66
       Rpst.: Falchion   |    17 |     8 ||    25

Table legend:
 A = Spawn XP
 B = Non-spawn XP
 C = Spawn XP percentage of total XP
 D = Spawn monster count
 E = Non-spawn monster count
 F = Spawn count percentage of total count
 G = Total turns spent on level
                    A         B        C        D         E        F      G
               +---------+---------+-------+---------+---------+-------+---------
         Total |       0 |     191 |   0.0 |       0 |      38 |   0.0 |   518
               +---------+---------+-------+---------+---------+-------+---------
           D:1 |       0 |      17 |   0.0 |       0 |       8 |   0.0 |   191
           D:2 |       0 |     105 |   0.0 |       0 |      20 |   0.0 |   246
           D:3 |       0 |      69 |   0.0 |       0 |      10 |   0.0 |    81
               +---------+---------+-------+---------+---------+-------+---------
